 Dungeon Crawl Stone Soup version 0.30-a0-760-g5a9884bb7c (webtiles) character file.

Game seed: 2698854551077391147

9656 Monkooky the Summoner (level 11, -7/78 HPs)
             Began as a Human Wanderer on Feb 9, 2023.
             Was an Elder of Fedhas.
             Mangled by a six-headed hydra (9 damage)
             ... on level 2 of the Lair of Beasts on Feb 10, 2023.
             The game lasted 00:44:59 (11881 turns).

Monkooky the Summoner (Human Wanderer)             Turns: 11881, Time: 00:44:59

Health: -7/78      AC:  7    Str:  9    XL:     11   Next: 78%
Magic:  0/19       EV: 11    Int: 20    God:    Fedhas [****..]
Gold:   687        SH:  0    Dex: 13    Spells: 1/21 levels left

rFire   + + .      SeeInvis +    C - +3 dagger (elec)
rCold   + . .      Faith    .    (no shield)
rNeg    . . .      Spirit   .    d - +0 robe
rPois   .          Reflect  .    M - +0 helmet
rElec   .          Harm     .    z - +0 cloak
rCorr   +          Rampage  .    H - +1 pair of gloves
Will    .....                    m - +0 pair of boots
Stlth   +                        I - amulet of regeneration
HPRegen 1.13/turn                E - ring "Foumu" {rF++ rC+ SInv}
MPRegen 0.16/turn                O - ring of resist corrosion

@: no status effects
A: no striking features
a: Renounce Religion, Wall of Briars, Grow Ballistomycete, Overgrow


You were on level 2 of the Lair of Beasts.
You worshipped Fedhas.
Fedhas was greatly pleased with you.
You visited 2 branches of the dungeon, and saw 11 of its levels.
You also visited: Ossuary.

You collected 992 gold pieces.
You spent 305 gold pieces at shops.

Inventory:

Hand Weapons
 a - a +0 dagger
 o - the +6 war axe of Zeisigh {holy, Dex+5}
   (You found it on level 2 of the Dungeon)

   Dex:       It affects your dexterity (+5).
 C - a +3 dagger of electrocution (weapon)
 K - a +4 scimitar
Missiles
 b - 25 poisoned darts (quivered)
 P - 2 atropa-tipped darts
Armour
 d - a +0 robe (worn)
 m - a +0 pair of boots (worn)
 z - a +0 cloak (worn)
 H - a +1 pair of gloves (worn)
 M - a +0 helmet (worn)
Magical Staves
 k - a staff of fire
 G - a staff of conjuration
Jewellery
 E - the ring "Foumu" (left hand) {rF++ rC+ SInv}
   (You found it on level 6 of the Dungeon)

   [ring of see invisible]

   rF:        It greatly protects you from fire.
   rC:        It protects you from cold.
   SInv:      It lets you see invisible.
 I - an amulet of regeneration (around neck)
 O - a ring of resist corrosion (right hand)
Wands
 D - a wand of roots (3)
 N - a wand of mindburst (8)
 Q - a wand of charming (6)
Scrolls
 e - a scroll of silence
 g - 3 scrolls of teleportation
 h - 2 scrolls of magic mapping
 i - 3 scrolls of noise {unknown}
 l - a scroll of brand weapon {unknown}
 n - a scroll of fear
 p - 2 scrolls of enchant armour {unknown}
 u - 3 scrolls of fog
 y - 2 scrolls of enchant weapon {unknown}
 A - a scroll of identify
 F - a scroll of poison {unknown}
 J - 2 scrolls of amnesia {unknown}
Potions
 c - a potion of magic {unknown}
 f - 2 potions of attraction
 j - 3 potions of curing
 q - 2 potions of degeneration
 r - 2 potions of haste {unknown}
 s - a potion of heal wounds {unknown}
 t - a potion of brilliance
 v - 3 potions of might {unknown}
 w - 2 potions of resistance {unknown}
 x - 2 potions of mutation
 B - 3 potions of flight {unknown}
 L - a potion of cancellation {unknown}


   Skills:
 - Level 4.8 Fighting
 - Level 0.1 Axes
 - Level 2.9 Throwing
 - Level 5.7 Spellcasting
 - Level 8.0 Hexes
 - Level 13.0 Summonings
 - Level 3.0 Translocations
 * Level 3.5 Transmutations
 - Level 2.0 Invocations
 - Level 2.1 Evocations


You had one spell level left.
You knew the following spells:

 Your Spells              Type           Power      Damage    Failure   Level
a - Slow                  Hex            100%       N/A       1%          1
b - Hailstorm             Conj/Ice       5%         3d4       32%         3
c - Summon Cactus Giant   Summ           27%        N/A       8%          6
d - Summon Mana Viper     Hex/Summ       47%        N/A       4%          5
e - Yara's Violent Unrav  Hex/Tmut       14%        3d7       28%         5

Your spell library contained the following spells:

 Spells                   Type           Power      Damage    Failure   Level
 Apportation              Tloc           34%        N/A       3%          1
 Freeze                   Ice            20%        1d4       11%         1
 Necrotise                Necr           20%        1d5       11%         1
 Shock                    Conj/Air       20%        1d4       11%         1
 Confusing Touch          Hex            37%        N/A       1%          3
 Tukima's Dance           Hex            37%        N/A       1%          3
 Portal Projectile        Hex/Tloc       54%        N/A       3%          3
 Scorch                   Fire           10%        2d6       16%         2
 Vhi's Electric Charge    Tloc/Air       22%        N/A       17%         3
 Leda's Liquefaction      Hex/Erth       10%        N/A       21%         4
 Passage of Golubria      Tloc           17%        N/A       30%         4
 Frozen Ramparts          Ice            10%        1d2       32%         3
 Swiftness                Air            5%         N/A       32%         3
 Vampiric Draining        Necr           5%         2d6       32%         3
 Ice Form                 Ice/Tmut       12%        N/A       45%         4
 Airstrike                Air            2%         2d(1-17)  71%         4
 Animate Dead             Necr           5%         N/A       71%         4
 Flame Wave               Conj/Fire      5%         2d5       71%         4
 Agony                    Necr           5%         N/A       96%         5
 Borgnjor's Vile Clutch   Necr/Erth      2%         N/A       96%         5
 Death Channel            Necr           2%         N/A       100%        6
 Simulacrum               Ice/Necr       2%         N/A       100%        6


Dungeon Overview and Level Annotations

Branches:
Dungeon (9/15)             Temple (0/1) D:7            Lair (2/5) D:8
 Shoals (0/4) Lair:2      Ossuary (visited)
  Snake: Lair:2-3    Spider: Lair:2-3       Orc: D:9-12

Altars:
Ashenzari
Elyvilon
Fedhas
Hepliaklqana
Nemelex Xobeh
Qazlal
Uskayaw
Vehumet
Yredelemnul
Zin

Shops:
D:5 [**

Annotations:
D:5 1 runed translucent door, Crazy Yiuf
D:6 1 exclusion
D:8 exclusion: downstairs


Message History

The death yak bellows!
The death yak is struck by your cactus giant's spines.
The death yak gores your cactus giant!!
Your cactus giant is destroyed!
Your cactus giant disappears in a puff of smoke!
A death yak comes into view.
The death yak moves out of view.
The six-headed hydra attacks as you move away!
The six-headed hydra bites you but does no damage.
The six-headed hydra barely misses you. The six-headed hydra bites you!
The six-headed hydra barely misses you. The six-headed hydra bites you!
The six-headed hydra misses you.
The six-headed hydra attacks as you move away!
The six-headed hydra bites you.
The six-headed hydra completely misses you.
The six-headed hydra barely misses you. The six-headed hydra bites you.
The six-headed hydra bites you but does no damage.
The six-headed hydra closely misses you.
The six-headed hydra attacks as you move away!
The six-headed hydra bites you.
The six-headed hydra closely misses you. x2
The six-headed hydra bites you!
The six-headed hydra closely misses you.
The six-headed hydra bites you.
Okay, then.
Okay, then.
Casting: Summon Mana Viper (dangerous; 4% risk of failure)
Confirm with . or Enter, or press ? or * to list all spells.
A mana viper appears with a sibilant hiss.
The six-headed hydra bites you.
The six-headed hydra completely misses you.
The six-headed hydra bites you!
* * * LOW HITPOINT WARNING * * *
The six-headed hydra bites you!
* * * LOW HITPOINT WARNING * * *
The six-headed hydra bites you.
* * * LOW HITPOINT WARNING * * *
The six-headed hydra bites you!
You die...
Fedhas appreciates your contribution to the ecosystem.

P###.......#...##.....#.###.##P.#
..........##...##....#.####..##..
...P............+...<##......# .#
..........P....#Y....##......# P
...........#.....Y...........#
...#...........##....##......#
...+......P######Y...#....)..#
##.P......###.###D...###...###
..........÷....S@.....####.####.#
.................................
..........÷...............)......
............<...................#
.................>...............
#..##........#####.....##..#.#..#
P.. #....##..P..#.....###.####..#
#............#....##..## ..
P..P.........#......##..# #


You could see 2 death yaks, a six-headed hydra (ally target) and a friendly mana
viper (summoned).

Vanquished Creatures
  Grinder (D:6)
  A polar bear (D:8)
  A hornet (D:8)
  Grum (D:8)
  A yak (D:8)
  A nameless horror (D:8)
  Duvessa (D:4)
  2 ice beasts
  4 centaurs
  A wolf (D:7)
  A kobold brigand (D:7)
  Blork the orc (D:4)
  A scorpion (D:6)
  4 wights (D:7)
  Dowan (D:4)
  4 killer bees
  3 howler monkeys (D:5)
  3 centaur zombies (Ossuary)
  2 hounds
  2 orc priests
  4 iguanas
  3 orc wizards
  A centaur simulacrum (D:8)
  A mummy (Ossuary)
  2 gnolls
  4 adders
  19 orcs
  9 ball pythons
  8 endoplasms
  3 giant cockroaches (D:1)
  6 goblins
  6 hobgoblins
  7 jackals
  18 kobolds
  3 quokkas
  4 bats
  4 frilled lizards
  2 hobgoblin zombies (Ossuary)
  11 rats
151 creatures vanquished.

Vanquished Creatures (collateral kills)
  A black mamba (Lair:1)
  2 cane toads (Lair:1)
  A rime drake (Lair:1)
  A komodo dragon (Lair:2)
  A polar bear (D:8)
  Prince Ribbit (D:8)
  A wyvern (D:9)
  17 yaks
  A basilisk (Lair:1)
  A steam dragon (D:8)
  4 water moccasins
  A nameless horror (Lair:2)
  2 centaurs
  2 wolves (D:7)
  A kobold brigand (D:8)
  3 bullfrogs (Lair:1)
  10 killer bees
  2 electric eels
  2 howler monkeys (D:8)
  2 centaur zombies (Ossuary)
  An orc priest (D:9)
  2 jellies
  A gnoll bouda (D:8)
  5 orc wizards
  3 mummies (Ossuary)
  4 gnolls (D:8)
  2 white imps (D:8)
  An ufetubus (D:8)
  3 orcs
  A gnoll zombie (D:8)
  2 kobolds (D:8)
  2 hobgoblin zombies (Ossuary)
  A jackal zombie (D:8)
84 creatures vanquished.

Vanquished Creatures (others)
  A yak (D:8)
  3 fungi (Lair:2)
  8 plants
12 creatures vanquished.

Grand Total: 247 creatures vanquished

Notes
Turn   | Place    | Note
-------+----------+-------------------------------------------
     0 | D:1      | Monkooky the Human Wanderer began the quest for the Orb.
     0 | D:1      | Monkooky set off with the following items: a +0 dagger, 12
                  | poisoned darts, a potion of lignification, a +0 robe; and
                  | the following spells available to memorise: Slow,
                  | Apportation, Portal Projectile, Vhi's Electric Charge,
                  | Leda's Liquefaction.
     0 | D:1      | Reached XP level 1. HP: 13/13 MP: 2/2
     2 | D:1      | Learned a level 1 spell: Slow
   262 | D:1      | Reached XP level 2. HP: 20/20 MP: 3/3
   860 | D:1      | Reached XP level 3. HP: 14/25 MP: 4/4
  2040 | D:2      | Reached XP level 4. HP: 31/31 MP: 5/5
  2205 | D:2      | Identified the +6 war axe of Zeisigh {holy, Dex+5}
  2422 | D:2      | Learned a level 3 spell: Hailstorm
  2531 | D:3      | Reached skill level 1 in Fighting
  2841 | D:3      | Got the Writings on Helpful Curses
  3276 | D:4      | Reached XP level 5. HP: 35/38 MP: 6/6
  3433 | D:4      | Found a blossoming altar of Fedhas.
  3484 | D:4      | Found a broken altar of Ashenzari.
  3484 | D:4      | Noticed Duvessa
  3489 | D:4      | Noticed Dowan
  3716 | D:4      | Reached XP level 6. HP: 27/48 MP: 7/7
  3822 | D:4      | Noticed Blork the orc
  3837 | D:4      | Killed Blork the orc
  3851 | D:4      | Found a stormy altar of Qazlal.
  3945 | D:4      | Found a radiant altar of Vehumet.
  4163 | D:4      | Upgraded the game from 0.30-a0-757-ga6a79fd877 to
                  | 0.30-a0-760-g5a9884bb7c
  4182 | D:5      | Entered Level 5 of the Dungeon
  4211 | D:5      | Found a runed translucent door.
  4212 | D:5      | Noticed Crazy Yiuf
  4365 | D:5      | Found Buwufario's General Store.
  4371 | D:5      | Bought a scroll of magic mapping for 97 gold pieces
  4371 | D:5      | Bought a scroll of identify for 26 gold pieces
  4371 | D:5      | Bought a potion of mutation for 104 gold pieces
  4371 | D:5      | Bought a scroll of butterflies for 52 gold pieces
  4455 | D:5      | Found Baygul's Antique Armour Boutique.
  4548 | D:5      | Reached XP level 7. HP: 38/55 MP: 7/10
  4676 | D:4      | Became a worshipper of Fedhas Madash
  4808 | D:5      | Learned a level 6 spell: Summon Cactus Giant
  4913 | D:5      | Reached skill level 1 in Summonings
  5014 | D:5      | Found Lasocyipt's Assorted Antiques.
  5017 | D:5      | Bought an amethyst potion for 26 gold pieces
  5522 | D:4      | Killed Duvessa
  5523 | D:4      | Reached skill level 3 in Summonings
  5650 | D:4      | Killed Dowan
  5868 | D:6      | Identified the ring "Foumu" {rF++ rC+ SInv}
  5929 | D:5      | Reached skill level 4 in Summonings
  6074 | D:6      | Found a sparkling altar of Nemelex Xobeh.
  6167 | D:6      | Noticed Grinder
  6171 | D:6      | Killed Grinder
  6172 | D:6      | Reached XP level 8. HP: 61/61 MP: 10/12
  6226 | D:6      | Found a basalt altar of Yredelemnul.
  6411 | D:6      | Reached skill level 5 in Summonings
  6518 | D:6      | Found a white marble altar of Elyvilon.
  6747 | D:7      | Reached skill level 6 in Summonings
  6776 | D:7      | Learned a level 5 spell: Summon Mana Viper
  6809 | D:7      | Reached XP level 9. HP: 65/67 MP: 15/15
  7415 | D:7      | Reached * piety under Fedhas
  7426 | D:7      | Reached skill level 7 in Summonings
  7434 | D:7      | Found a staircase to the Ecumenical Temple.
  7827 | D:8      | Found a staircase to the Lair.
  7887 | D:8      | Noticed a polar bear
  7895 | D:8      | Killed a polar bear
  7896 | D:8      | Reached skill level 8 in Summonings
  8027 | D:8      | Noticed Prince Ribbit
  8034 | D:8      | Killed Prince Ribbit
  8035 | D:8      | Reached skill level 9 in Summonings
  8060 | D:8      | Noticed a polar bear
  8067 | D:8      | Noticed a nameless horror
  8094 | D:8      | Reached skill level 10 in Summonings
  8094 | D:8      | Reached XP level 10. HP: 36/73 MP: 1/16
  8163 | D:8      | Reached skill level 5 in Hexes
  8325 | D:8      | Noticed Grum
  8336 | D:7      | Reached ** piety under Fedhas
  8437 | D:8      | Killed Grum
  8478 | D:8      | Found a hide-covered altar of Uskayaw.
  8490 | D:8      | Paralysed by a hornet for 1 turns
  8543 | D:8      | Found a sand-covered staircase.
  8550 | Ossuary  | Entered an ossuary
  8649 | Ossuary  | Reached skill level 1 in Invocations
  8944 | D:8      | Reached *** piety under Fedhas
  9695 | D:8      | Reached skill level 11 in Summonings
  9977 | D:9      | Found a hazy altar of Hepliaklqana.
 10063 | D:9      | Reached XP level 11. HP: 78/78 MP: 12/17
 10262 | D:9      | Found a glowing silver altar of Zin.
 10280 | D:9      | Reached skill level 12 in Summonings
 10460 | Lair:1   | Entered Level 1 of the Lair of Beasts
 10482 | Lair:1   | Reached **** piety under Fedhas
 10483 | Lair:1   | Reached skill level 5 in Spellcasting
 10961 | Lair:1   | Reached skill level 13 in Summonings
 11377 | Lair:1   | Learned a level 5 spell: Yara's Violent Unravelling
 11488 | Lair:2   | Reached skill level 1 in Transmutations
 11626 | Lair:2   | Noticed a six-headed hydra
 11630 | Lair:2   | Noticed a death yak
 11632 | Lair:2   | Noticed a death yak
 11633 | Lair:2   | Noticed a death yak
 11636 | Lair:2   | Noticed a death yak
 11798 | Lair:2   | Found a staircase to the Shoals.
 11862 | Lair:2   | Noticed a death yak
 11876 | Lair:2   | Noticed a death yak
 11881 | Lair:2   | HP: 2/78 [six-headed hydra (4)]
 11881 | Lair:2   | Mangled by a six-headed hydra

Illustrated notes

Levels and vault maps discovered:
D:1:      matt_arrival_grand_opening, layout_loops_corners, serial_rivers,
          chequers_serial_rivers_small_b, chequers_serial_rivers_room_a,
          chequers_serial_rivers_micro_a, chequers_serial_rivers_small_b,
          chequers_serial_rivers_room_a, minmay_misc_feat_cross
D:2:      layout_loops_cross, cheibrodos_gnoll_hut
D:3:      layout_basic, minmay_unequal
D:4:      layout_basic, mainiacjoe_overflow_paths, lemuel_round_altar,
          mainiacjoe_overflow_boulevard, nicolae_overflow_hidden_temple,
          minivault_5, uniq_duvessa, uniq_blork_the_orc
D:5:      layout_basic, serial_co_window_serial, co_window_of_opportunity_a,
          co_window_of_opportunity_a, co_window_of_opportunity_a,
          co_window_paths_b, co_window_paths_a, co_window_of_opportunity_c,
          co_window_unsneaky_path_a, co_window_paths_c, co_window_2corner,
          co_window_broadway_b, glass_columns_a, glass_columns_b,
          glass_columns_c, glass_columns_a, glass_columns_b, serial_shops,
          kennysheep_little_box, nicolae_shop_behind_doors, shop,
          uniq_crazy_yiuf_cottage
D:6:      layout_rooms, nemelex_xobeh_ov_fountains_minmay,
          nicolae_elyvilon_temple_path, mainiacjoe_overflow_brackets,
          uniq_grinder
D:7:      layout_layer_cave, minmay_temple_entry_hall
D:8:      layout_basic, mainiacjoe_overflow_concentric_impassable,
          lair_entry_dummy, serial_ice, serial_ice_l, serial_ice_h,
          serial_ice_o, serial_ice_n, enter_ossuary_3, kennysheep_potato,
          uniq_prince_ribbit1, uniq_grum
D:9:      layout_rooms, mainiacjoe_overflow_cross_hatched,
          nzn_hepliaklqana_mist_gate, kb_lookout_dungeons_type
Lair:1:   layout_gridlike
Lair:2:   layout_regular_city, elwin_shoals_entry_rocks, lemuel_fruit_fields,
          serial_bayou_shore_b, infiniplex_staircase_pool

Skill      XL: |  1  2  3  4  5  6  7  8  9 10 11 |
---------------+----------------------------------+-----
Throwing       | 2 |  2.9
Evocations     | 2 |  2.1
Fighting       | 2 3 4 |  4.8
Spellcasting   | 2 3 4 5 |  5.7
Summonings     | 4 6 10 11 13 | 13.0
Hexes          | 8 |  8.0
Invocations    | 2 |  2.0
Transmutations | 3 |  3.5
Axes           | |  0.1
Translocations | |  3.0

Action                     |  1- 3 |  4- 6 |  7- 9 | 10-12 || total
---------------------------+-------+-------+-------+-------++-------
  Melee: Dagger            |   136 |    11 |   147 |   128 ||   422
         Punch             |     1 |       |     3 |     3 ||     7
         War axe           |       |   122 |    16 |       ||   138
         Unarmed           |       |       |     1 |       ||     1
  Throw: Dart              |    47 |    12 |     6 |     5 ||    70
   Cast: Slow              |     4 |     1 |       |     1 ||     6
         Summon Mana Viper |       |       |     6 |    38 ||    44
         Summon Cactus Gia |       |       |       |    15 ||    15
  Evoke: Wand              |       |       |    15 |     3 ||    18
    Use: Scroll            |       |     2 |     5 |     3 ||    10
         Potion            |       |       |     4 |     7 ||    11
   Stab: Sleeping          |     1 |     5 |       |       ||     6
         Distracted        |       |       |     1 |     1 ||     2
 Armour: Robe              |    32 |    32 |    64 |   112 ||   240
         Skin              |       |       |     2 |    26 ||    28
  Dodge: Dodged            |    80 |    76 |    86 |   170 ||   412

Table legend: (Time is in decaauts)
 A = Elapsed time spent in this place.
 B = Non-inter-level travel time spent in this place.
 C = Inter-level travel time spent in this place.
 D = Time resting spent in this place.
 E = Time spent auto-exploring this place.
 F = Levels seen in this place.
 G = Mean time per level.
                   A        B        C        D        E       F      G
               +--------+--------+--------+--------+--------+-----+--------+
         Total |  11968 |  11506 |    462 |   1154 |   8017 |  12 |  997.3 |
       Dungeon |  10164 |   9749 |    415 |    676 |   7035 |   9 | 1129.3 |
          Lair |   1425 |   1378 |     47 |    208 |    939 |   2 |  712.5 |
       Ossuary |    378 |    378 |      0 |    270 |     43 |   1 |  378.0 |
               +--------+--------+--------+--------+--------+-----+--------+

Top non-repeatable levels by time:
     D:1: 1594 daAuts
     D:5: 1527 daAuts
     D:8: 1518 daAuts
     D:7: 1381 daAuts
  Lair:1: 1121 daAuts
     D:4: 1099 daAuts
     D:3: 948 daAuts
     D:2: 843 daAuts
     D:6: 645 daAuts
     D:9: 603 daAuts
 Ossuary: 378 daAuts
  Lair:2: 303 daAuts
